Map: Base du roi Sejong EC

Players

zidar

  • Race: Zerg Zerg
  • League: Gold
  • Spawn Location: 5:00

shadownight - Winner!

  • Race: Protoss Protoss
  • League: Gold
  • Spawn Location: 11:00

VOD

Have the link to the VOD?

Description

Time

  • Played on: June 12, 2016, 12:52 p.m.
  • Length: 12:02
Show
View Real Time Build Order
Export as new Build Order

zidar Zerg 

Build Orders: Pool First 

Get SALT Encoding   

  12  0:02  Drone  
  13  0:12  Overlord  
  13  0:17  Drone  
  14  0:30  Drone x2  
  14  0:34  Drone  
  17  0:48  Spawning Pool  
  16  0:50  Drone  
  17  1:14  Hatchery  
  17  1:16  Drone  
  17  1:20  Extractor  
  15  1:33  Drone  
  15  1:34  Drone x2  
  18  1:43  Queen  
  20  1:50  Overlord  
  20  1:55  Drone  
  22  2:08  Drone  
  22  2:18  Queen  
  24  2:24  Drone  
  25  2:37  Drone x2  
  25  2:38  Drone  
  25  2:39  Roach Warren  
  25  2:43  Metabolic Boost  
  27  3:00  Pneumatized Carapace  
  27  3:03  Drone x4  
  31  3:22  Overlord x2  
  31  3:24  Overlord  
  31  3:34  Zergling x8  
  35  3:43  Queen  
  35  3:45  Lair  
  37  3:50  Extractor  
  36  3:59  Extractor  
  35  4:04  Extractor  
  31  4:29  Zergling x2  
  31  4:30  Zergling x6  
  31  4:31  Zergling x2  
  35  4:39  Drone x13  
  48  4:46  Hatchery  
  47  5:02  Hydralisk Den  
  46  5:08  Evolution Chamber  
  46  5:12  Drone x4  
  46  5:13  Evolution Chamber, Drone  
  49  5:26  Queen  
  46  5:55  Roach x2  
  50  5:58  Roach  
  50  5:59  Roach x7  
  50  6:02  Overlord  
  50  6:03  Overlord x2  
  66  6:21  Hydralisk x3  
  66  6:22  Hydralisk x4  
  80  6:29  Roach x3  
  77  7:08  Roach  
  77  7:10  Roach x2, Hydralisk x4  
  77  7:14  Overlord  
  89  7:15  Overlord  
  89  7:16  Overlord  
  89  7:18  Zerg Missile Weapons Level 1  
  89  7:26  Drone  
  90  7:44  Drone x8  
  98  7:54  Zerg Ground Armor Level 1  
  98  7:55  Muscular Augments  
  98  8:10  Drone x9  
  107  8:15  Extractor  
  107  8:17  Extractor  
  83  8:48  Hydralisk  
  83  8:49  Hydralisk x12  
  85  9:07  Hydralisk  
  85  9:09  Roach x4, Hydralisk  
  97  9:33  Hydralisk  
  97  9:34  Hydralisk x3  
  105  9:39  Overlord x4  
  105  9:56  Overlord  
  105  9:59  Roach  
  107  10:00  Roach x13  
  133  10:26  Glial Reconstitution  
  133  10:45  Hatchery  
  132  10:54  Roach x3  
  108  11:09  Hydralisk  
  108  11:10  Hydralisk x14  
  112  11:14  Hydralisk  
  112  11:15  Hydralisk  
Show
View Real Time Build Order
Export as new Build Order

shadownight Protoss - Winner!

Build Orders:  

Get SALT Encoding   

  12  0:01  Probe (Chrono Boost)  
  13  0:11  Probe (Chrono Boost)  
  14  0:19  Pylon  
  14  0:22  Probe (Chrono Boost)  
  15  0:37  Probe (Chrono Boost)  
  15  0:40  Gateway  
  16  0:48  Probe (Chrono Boost)  
  17  0:53  Assimilator  
  17  0:58  Probe (Chrono Boost)  
  18  1:09  Probe (Chrono Boost)  
  19  1:19  Probe (Chrono Boost)  
  20  1:30  Probe (Chrono Boost)  
  21  1:39  Cybernetics Core  
  21  1:40  Probe (Chrono Boost), Pylon  
  22  1:58  Zealot (Chrono Boost)  
  22  1:59  Nexus  
  24  2:05  Assimilator  
  24  2:07  Probe (Chrono Boost)  
  25  2:19  Probe  
  26  2:28  Gateway  
  26  2:31  Mothership Core  
  26  2:35  Pylon  
  28  2:38  Warp Gate (Chrono Boost)  
  28  2:57  Pylon  
  28  3:05  Probe  
  28  3:09  Probe  
  30  3:18  Probe  
  30  3:19  Adept x2 (Chrono Boost)  
  35  3:22  Probe  
  36  3:30  Probe  
  36  3:34  Probe  
  38  3:41  Gateway  
  38  3:47  Gateway, Probe x2  
  40  3:59  Probe x2  
  40  4:40  Probe x2  
  40  4:43  Zealot x2  
  40  4:44  Zealot x2  
  50  5:06  Pylon  
  50  5:13  Adept x3  
  56  5:14  Adept  
  58  5:26  Stargate  
  58  5:27  Stargate  
  58  5:31  Pylon  
  58  5:34  Pylon  
  58  5:38  Zealot x2  
  58  5:39  Zealot  
  58  5:40  Zealot  
  66  6:12  Zealot x2  
  66  6:13  Zealot x2  
  62  6:55  Zealot  
  62  6:56  Zealot x3  
  70  7:04  Void Ray x2 (Chrono Boost)  
  70  7:07  Protoss Air Weapons Level 1  
  64  7:10  Probe x2  
  64  7:14  Assimilator  
  66  7:16  Zealot  
  66  7:17  Zealot x3  
  66  7:22  Probe x2  
  76  7:23  Pylon  
  76  7:34  Probe x2  
  78  7:39  Assimilator  
  78  7:46  Probe x2, Zealot  
  78  7:47  Zealot x3  
  88  7:53  Void Ray (Chrono Boost)  
  92  7:58  Probe x2  
  92  8:01  Pylon  
  94  8:05  Pylon  
  94  8:08  Pylon  
  94  8:11  Gateway  
  94  8:12  Gateway  
  94  8:16  Twilight Council  
  94  8:19  Void Ray (Chrono Boost), Zealot x2  
  78  8:51  Zealot x2  
  78  8:52  Zealot x2  
  78  8:53  Void Ray x2 (Chrono Boost)  
  84  9:02  Charge (Chrono Boost)  
  88  9:11  Pylon  
  88  9:12  Protoss Air Armor Level 1 (Chrono Boost)  
  88  9:14  Pylon  
  88  9:17  Pylon  
  88  9:32  Void Ray x2  
  88  9:35  Pylon  
  96  9:41  Pylon  
  96  9:43  Pylon  
  96  9:49  Zealot x3  
  96  9:52  Zealot  
  104  10:14  Void Ray  
  104  10:15  Void Ray  
  104  10:21  Zealot x3  
  114  10:23  Zealot  
  114  10:24  Nexus  
  114  10:26  Probe  
  114  10:27  Probe  
  122  10:37  Zealot  
  122  10:38  Zealot  
  100  11:14  Zealot x2  
  100  11:15  Zealot x3  
  100  11:17  Void Ray, Zealot  
  112  11:31  Gateway  
  100  11:59  Zealot x2  
  104  12:01  Zealot  
Tags
 
Add a new tag
Caveats
  • Supply blocks, unpowered buildings, or Contaminate may cause inaccurate times.
  • Supply counts are checked every 10 seconds.